 Dungeon Crawl Stone Soup version 0.23-a0-419-g0174fd80c1 (webtiles) character file.

302 LostNumber the Caller (level 6, -2/46 HPs)
             Began as a Mummy Summoner on Nov 12, 2018.
             Slain by Prince Ribbit (16 damage)
             ... on level 4 of the Dungeon.
             The game lasted 00:06:48 (5699 turns).

LostNumber the Caller (Mummy Summoner)              Turns: 5699, Time: 00:06:49

Health: -2/46      AC:  2    Str: 11    XL:     6   Next: 14%
Magic:  6/12       EV: 12    Int: 16    God:
Gold:   223        SH:  0    Dex: 13    Spells: 3/13 levels left

rFire    x . .     SeeInvis .   o - +2 mace (protect)
rCold    + . .     Gourm    .   (no shield)
rNeg     + + +     Faith    .   a - +0 robe
rPois    ∞         Spirit   .   (no helmet)
rElec    .         Reflect  .   (no cloak)
rCorr    .         Harm     .   (no gloves)
MR       .....                  (no boots)
Stlth    ++........             (no amulet)
HPRegen  0.15/turn              (no ring)
MPRegen  0.13/turn              (no ring)

@: no status effects
A: no food or potions, fire vulnerability, cold resistance 1, negative energy
resistance 3, torment resistance, unbreathing
a: no special abilities


You were on level 4 of the Dungeon.
You were not hungry.

You visited 1 branch of the dungeon, and saw 5 of its levels.

You collected 223 gold pieces.

Inventory:

Hand Weapons
 c - a +0 dagger
 j - a +0 spear
 o - a +2 mace of protection (weapon)
 s - a +2 antimagic quarterstaff
Armour
 a - a +0 robe (worn)
Jewellery
 b - an uncursed amulet of regeneration {unknown}
 f - an uncursed ring of protection from fire {unknown}
 h - an uncursed ring of flight {unknown}
 n - an uncursed ring of resist corrosion {unknown}
 p - the ring of Midsummer {MR+ Str+6 Int-3 SInv, unknown}
   (You found it on level 4 of the Dungeon)

   [ring of protection from magic]

   It affects your strength (+6).
   It affects your intelligence (-3).
   It affects your resistance to hostile enchantments.
   It lets you see invisible.
 q - a +2 ring of evasion {unknown}
Wands
 g - a wand of flame (19)
Scrolls
 d - 2 scrolls of enchant weapon {unknown}
 e - a scroll of fear {unknown}
 i - a scroll of teleportation {unknown}
 k - 2 scrolls of enchant armour {unknown}
 l - a scroll of fog {unknown}
 m - 2 scrolls of identify {unknown}
 r - a scroll of remove curse {unknown}


   Skills:
 + Level 2.6 Fighting
 - Level 1.5 Dodging
 - Level 1.5 Stealth
 + Level 4.3 Spellcasting
 * Level 4.9 Summonings
 + Level 1.1 Ice Magic


You had 3 spell levels left.
You knew the following spells:

 Your Spells              Type           Power        Failure   Level  Hunger
a - Summon Small Mammal   Summ           ###.         2%          1    N/A
b - Call Imp              Summ           ###.....     3%          2    N/A
c - Call Canine Familiar  Summ           ###.....     6%          3    N/A
d - Summon Ice Beast      Ice/Summ       ##......     43%         4    N/A

Your spell library contained the following spells:

 Spells                   Type           Power        Failure   Level  Hunger
 Summon Guardian Golem    Hex/Summ       ##......     19%         3    N/A
 Summon Lightning Spire   Summ/Air       ##......     52%         4    N/A

Dungeon Overview and Level Annotations

Branches:
Dungeon (5/15)
 Temple: D:4-7

Altars:

Shops:
D:4 !

Annotations:
D:4 Prince Ribbit


Innate Abilities, Weirdness & Mutations

You do not eat or drink.
Your flesh is vulnerable to fire.
You are immune to poison.
Your flesh is cold resistant. (rC+)
You are immune to negative energy. (rN+++)
You are immune to unholy pain and torment.
You can survive without breathing.


Message History

Prince Ribbit is moderately wounded.
Prince Ribbit hits you but does no damage.
Prince Ribbit hits you!
Your hound bites Prince Ribbit.
Prince Ribbit barely misses you.
Your hound closely misses Prince Ribbit.
Your hound bites Prince Ribbit.
There is a stone staircase leading up here.
Prince Ribbit hits you!
Your hound barely misses Prince Ribbit.
Prince Ribbit hits you!
* * * LOW HITPOINT WARNING * * *
You climb upwards.
There is a stone staircase leading down here.
Unknown command.
Casting: Call Canine Familiar (safe; 6% risk of failure)
Confirm with . or Enter, or press ? or * to list all spells.
A chill wind blows around you. Prince Ribbit closely misses you.
Unknown command.
Prince Ribbit lets out a mournful croak.
Prince Ribbit hits you!
You die...

#############
#######............
#........(.........
#F#####.#######....
#>@Y...............
#######.#.#####.#!.
### #...#.# #.#.#
#.####.###.# #.#.#
#........#.# #.#..
#.####.#.#.#####.###
#.#....#.........#.[
##...................
#......##............


You could see Prince Ribbit and a friendly ice beast.

Vanquished Creatures
  A centaur (D:5)
  A scorpion (D:4)
  An iguana (D:4)
  Terence (D:3)
  A gnoll (D:3)
  2 adders
  2 oozes
  A worm (D:4)
  A dart slug (D:4)
  2 leopard geckos
  2 orcs (D:3)
  2 goblins (D:1)
  3 jackals
  3 kobolds (D:1)
  A ball python skeleton (D:3)
  A bat (D:2)
  3 frilled lizards
  A quokka zombie (D:3)
  2 rats
31 creatures vanquished.

Vanquished Creatures (collateral kills)
  Jessica (D:3)
  A worker ant (D:5)
  A hound zombie (D:5)
  2 gnolls (D:3)
  5 adders
  A worm (D:3)
  2 leopard geckos (D:2)
  3 orcs
  A ball python (D:2)
  4 giant cockroaches
  2 goblins
  4 hobgoblins
  3 jackals
  A quokka (D:2)
  5 bats
  2 frilled lizards
  4 kobolds (D:2)
  2 rats (D:2)
44 creatures vanquished.

Grand Total: 75 creatures vanquished

Notes
Turn   | Place    | Note
-------+----------+-------------------------------------------
     0 | D:1      | LostNumber the Mummy Summoner began the quest for the Orb.
     0 | D:1      | Reached XP level 1. HP: 13/13 MP: 4/4
   565 | D:1      | Reached XP level 2. HP: 14/20 MP: 3/5
  1335 | D:1      | Learned a level 2 spell: Call Imp
  1640 | D:2      | Reached skill level 1 in Fighting
  1923 | D:2      | Reached XP level 3. HP: 26/26 MP: 0/7
  1932 | D:2      | Learned a level 3 spell: Call Canine Familiar
  3115 | D:3      | Reached XP level 4. HP: 32/32 MP: 5/9
  3378 | D:3      | Noticed Jessica
  3392 | D:3      | Killed Jessica
  3739 | D:3      | Noticed Terence
  3746 | D:3      | Learned a level 4 spell: Summon Ice Beast
  3768 | D:3      | Killed Terence
  3768 | D:3      | Reached XP level 5. HP: 38/38 MP: 4/10
  4184 | D:3      | You fall through a shaft for 2 floors!
  4184 | D:5      | Entered Level 5 of the Dungeon
  4184 | D:5      | Noticed a centaur
  4194 | D:5      | Killed a centaur
  4195 | D:5      | Noticed Prince Ribbit
  4384 | D:4      | Reached skill level 1 in Ice Magic
  5018 | D:4      | Found Toffam's Distillery.
  5037 | D:4      | Got a shimmering steel ring
  5094 | D:4      | Reached XP level 6. HP: 35/46 MP: 1/12
  5699 | D:4      | Slain by Prince Ribbit

Vault maps used:
D:1:      lemuel_arrival_muddy, minivault_5
D:2:      kennysheep_generic_room_9
D:3:      hex_medium, uniq_terence, uniq_jessica
D:4:      serial_shops, shop_statue
D:5:      first_ration, guppyfry_shop_venom, uniq_prince_ribbit1

Skill      XL: |  1  2  3  4  5 |
---------------+----------------+-----
Spellcasting   | 3 4 |  4.3
Fighting       | 1 2 |  2.6
Summonings     | 4 |  4.9
Ice Magic      | 1 |  1.1
Dodging        | |  1.5
Stealth        | |  1.5

Action                   |  1- 3 |  4- 6 || total
-------------------------+-------+-------++-------
Melee: Unarmed           |    49 |       ||    49
       Dagger            |    75 |       ||    75
       Spear             |    23 |    99 ||   122
       Mace              |       |    17 ||    17
 Cast: Summon Small Mamm |    12 |       ||    12
       Call Imp          |    10 |     5 ||    15
       Call Canine Famil |     9 |    18 ||    27
       Summon Ice Beast  |       |     1 ||     1
 Stab: Sleeping          |     1 |       ||     1
       Distracted        |       |     3 ||     3
Armor: Robe              |    22 |    12 ||    34
Dodge: Dodged            |   127 |    53 ||   180

Table legend:
 A = Non-vault XP
 B = Vault XP
 C = Vault XP percentage of total XP
 D = Non-vault monster count
 E = Vault monster count
 F = Vault count percentage of total count
                 A         B        C        D         E       F
            +---------+---------+-------+---------+---------+-------
      Total |     391 |      41 |   9.5 |      71 |       4 |   5.3
            +---------+---------+-------+---------+---------+-------
        D:1 |      27 |       0 |   0.0 |      15 |       0 |   0.0
        D:2 |      57 |       2 |   3.4 |      24 |       2 |   7.7
        D:3 |      83 |      39 |  32.0 |      18 |       2 |  10.0
        D:4 |      93 |       0 |   0.0 |       9 |       0 |   0.0
        D:5 |     131 |       0 |   0.0 |       5 |       0 |   0.0
            +---------+---------+-------+---------+---------+-------
